 Dungeon Crawl Stone Soup version 0.19-a0-1268-g6c5d9f8 (webtiles) character file.

516 inmateoo the Insei (level 7, -4/44 HPs)
             Began as a Demonspawn Transmuter on Aug 29, 2016.
             Was a Follower of Cheibriados.
             Slain by a wyvern zombie (11 damage)
             ... on level 6 of the Dungeon.
             The game lasted 00:10:32 (7494 turns).

inmateoo the Insei (Demonspawn Transmuter)          Turns: 7494, Time: 00:10:33

Health: -4/44      AC:  2    Str: 19    XL:     7   Next: 0%
Magic:  7/12       EV: 20    Int: 16    God:    Cheibriados [*.....]
Gold:   257        SH:  0    Dex: 22    Spells: 4 memorised, 3 levels left

rFire  . . .     SeeInvis .       - Unarmed
rCold  . . .     Gourm    .     (armour currently unavailable)
rNeg   . . .     Faith    .     (shield currently unavailable)
rPois  .         Spirit   .     (helmet currently unavailable)
rElec  .         Dismiss  .     (cloak currently unavailable)
rCorr  .         Reflect  .     (gloves currently unavailable)
MR     .....     Harm     .     (boots currently unavailable)
Stlth  ++........               (no amulet)
                                A - ring of poison resistance
                                f - +6 ring of strength

@: spider-form (expiring), very slightly contaminated, very slow
A: (claws 0), (large bone plates 0)
a: End Transformation, Bend Time, Renounce Religion


You were on level 6 of the Dungeon.
You worshipped Cheibriados.
Cheibriados was aware of your devotion.
You were not hungry.
You were a venomous arachnid creature.
You visited 2 branches of the dungeon, and saw 7 of its levels.

You collected 257 gold pieces.

Inventory:

Hand Weapons
 y - a +0 dagger of venom
Missiles
 a - 147 arrows
Armour
 b - a +0 robe (melded)
 t - a +0 helmet (melded)
 v - a +0 cloak (melded)
Jewellery
 f - a +6 ring of strength (left front leg)
 k - an uncursed ring of protection from magic
 A - a ring of poison resistance (right front leg)
 B - a +2 ring of strength
Wands
 m - a wand of confusion (18/48)
Scrolls
 e - 2 scrolls of recharging
 j - 5 scrolls of teleportation
 n - 3 scrolls of remove curse
 p - 2 scrolls of immolation
Potions
 g - 2 potions of agility {unknown}
 l - 2 potions of heal wounds
 o - a potion of haste {unknown}
 q - a potion of might
 u - a potion of curing
 w - 2 potions of lignification
Books
 c - a book of Changes

   Spells                             Type                      Level
   a - Beastly Appendage              Transmutation                1
   b - Sticks to Snakes               Transmutation                2
   c - Spider Form                    Transmutation/Poison         3
   d - Ice Form                       Ice/Transmutation            4
   e - Blade Hands                    Transmutation                5
 i - a book of Annihilations

   Spells                             Type                      Level
   a - Poison Arrow                   Conjuration/Poison           6
   b - Chain Lightning                Conjuration/Air              8
   c - Lehudib's Crystal Spear        Conjuration/Earth            8
   d - Glaciate                       Conjuration/Ice              9
   e - Fire Storm                     Conjuration/Fire             9
 x - a book of Battle

   Spells                             Type                      Level
   a - Infusion                       Charms                       1
   b - Shroud of Golubria             Charms/Translocation         2
   c - Song of Slaying                Charms                       2
   d - Spectral Weapon                Hexes/Charms                 3
   e - Regeneration                   Charms/Necromancy            3
Comestibles
 d - 3 bread rations
 h - a slice of pizza
 s - a beef jerky


   Skills:
 + Level 1.9 Fighting
 - Level 2.2 Dodging
 * Level 5.1 Unarmed Combat
 + Level 3.6 Spellcasting
 + Level 3.7 Transmutations
 + Level 0.0 Ice Magic


You had 3 spell levels left.
You knew the following spells:

 Your Spells              Type           Power        Failure   Level  Hunger
a - Beastly Appendage     Tmut           ##....       14%         1    None
b - Sticks to Snakes      Tmut           ##......     21%         2    ##.....
c - Spider Form           Tmut/Pois      #.........   50%         3    ###....
d - Ice Form              Ice/Tmut       #.......     95%         4    ####...


Dungeon Overview and Level Annotations

Branches:
Dungeon (6/15)             Temple (1/1) D:4

Altars:
Ashenzari
Cheibriados
Dithmenos
Elyvilon
Fedhas
Gozag
Hepliaklqana
Kikubaaqudgha
Makhleb
Nemelex Xobeh
Qazlal
Sif Muna
Trog
Xom
Yredelemnul

Shops:
D:4 %[([

Annotations:
D:3 ximxim's ghost, amateur FoFi


Innate Abilities, Weirdness & Mutations

((You have very sharp fingernails.))
((You are mostly covered in large bone plates. (AC +3, SH +3)))


Message History

The wyvern zombie is moderately damaged.
The hound skeleton completely misses you.
The wyvern zombie closely misses you.
You hit the wyvern zombie but do no damage.
The wyvern zombie is moderately damaged.
The hound skeleton misses you. The wyvern zombie bites you!
You hit the wyvern zombie.
The wyvern zombie is moderately damaged.
The hound skeleton completely misses you.
The wyvern zombie bites you!
* * * LOW HITPOINT WARNING * * *
You bite the wyvern zombie!
The wyvern zombie is severely damaged.
The hound skeleton misses you. The wyvern zombie barely misses you.
The hound skeleton bites you.
* * * LOW HITPOINT WARNING * * *
You bite the wyvern zombie!
The wyvern zombie is almost destroyed.
The wyvern zombie bites you!
You die...

.. ... .......#.#
. .........# ..
.....#... ...
.......... ...
%$....#..# .. .
#..##...Z##.#....
.........sZ......
#.......#.......
####..<##.......
###.# ####### #..
#... #.... #....#
#....#


You could see a wyvern zombie and a hound skeleton.

Vanquished Creatures
  Pikel (D:5)
  2 slaves (D:5)
  An ogre (D:4)
  A big kobold (D:3)
  A scorpion (D:5)
  The ghost of inmateoo the Insei, a weakling DsTm (D:4)
  A howler monkey (D:4)
  A crimson imp (D:3)
  3 hounds
  2 orc wizards
  A jelly (D:5)
  5 worker ants
  8 gnolls
  9 adders
  An ooze (D:3)
  An adder zombie (D:4)
  A dart slug (D:3)
  5 giant geckos
  5 orcs
  A giant cockroach (D:4)
  12 goblins
  7 hobgoblins
  7 jackals
  A ball python (D:3)
  4 bats
  5 giant newts
  3 kobolds
  9 rats
  A toadstool (D:1)
100 creatures vanquished.

Vanquished Creatures (collateral kills)
  An orc priest (D:4)
  An orc wizard (D:4)
  Robin (D:3)
  4 gnolls
  2 adders
  An orc (D:4)
  8 goblins (D:3)
  3 jackals
  A giant newt (D:3)
  2 rats
24 creatures vanquished.

Vanquished Creatures (others)
  A slave (D:5)
  A jelly (D:5)
  5 ancestors (D:3)
  An orc (D:5)
  3 toadstools (D:1)
11 creatures vanquished.

Grand Total: 135 creatures vanquished

Notes
Turn   | Place    | Note
-------+----------+-------------------------------------------
     0 | D:1      | inmateoo the Demonspawn Transmuter began the quest for the Orb.
     0 | D:1      | Reached XP level 1. HP: 15/15 MP: 3/3
   616 | D:1      | Gained mutation: You have sharp fingernails. [demonic ancestry]
   616 | D:1      | Reached XP level 2. HP: 12/21 MP: 3/5
  1353 | D:2      | Found a basalt altar of Yredelemnul.
  1365 | D:2      | HP: 1/21 [poisoned by an adder]
  1371 | D:2      | Reached skill level 3 in Unarmed Combat
  1614 | D:2      | Learned a level 2 spell: Sticks to Snakes
  1646 | D:1      | Reached XP level 3. HP: 17/26 MP: 1/6
  1862 | D:2      | Found an ancient bone altar of Kikubaaqudgha.
  1936 | D:2      | Noticed an earth elemental
  1937 | D:2      | Found a stormy altar of Qazlal.
  1938 | D:2      | Noticed a fire elemental
  1938 | D:2      | Noticed a water elemental
  1938 | D:2      | Noticed an air elemental
  2368 | D:2      | Found a faded altar of an unknown god.
  2377 | D:2      | Became a worshipper of Hepliaklqana
  2377 | D:2      | Reached * piety under Hepliaklqana
  2598 | D:2      | Gained mutation: You are partially covered in large bone plates. (AC +2, SH +2) [demonic ancestry]
  2598 | D:2      | Reached XP level 4. HP: 26/28 MP: 8/8
  2707 | D:3      | Noticed ximxim's ghost (amateur FoFi)
  3480 | D:3      | Reached skill level 4 in Unarmed Combat
  3480 | D:3      | Gained mutation: You have very sharp fingernails. [demonic ancestry]
  3480 | D:3      | Reached XP level 5. HP: 19/33 MP: 7/9
  3550 | D:3      | Reached XP level 6. HP: 12/38 MP: 9/11
  3777 | D:3      | Learned a level 3 spell: Spider Form
  3782 | D:3      | Learned a level 4 spell: Ice Form
  4406 | D:3      | Noticed Robin
  4415 | D:3      | Killed Robin
  4557 | D:4      | Noticed inmateoo's ghost (weakling DsTm)
  4574 | D:4      | Killed inmateoo's ghost
  4661 | D:4      | Reached skill level 5 in Unarmed Combat
  4882 | D:4      | Reached ** piety under Hepliaklqana
  4922 | D:4      | Found Harynli's Armour Shoppe.
  5109 | D:4      | Gained mutation: You are mostly covered in large bone plates. (AC +3, SH +3) [demonic ancestry]
  5109 | D:4      | Reached XP level 7. HP: 43/44 MP: 8/12
  5130 | D:4      | Found a staircase to the Ecumenical Temple.
  5139 | Temple   | Entered the Ecumenical Temple
  5145 | Temple   | Fell from the grace of Hepliaklqana
  5145 | Temple   | Became a worshipper of Cheibriados the Contemplative
  5350 | D:4      | Found Sis Guh's Weapon Boutique.
  5363 | D:4      | Found a bloodstained altar of Trog.
  5638 | D:4      | Found Xilikod's Armour Emporium.
  5705 | D:4      | Found Muevive Ilixt's Food Emporium.
  5951 | D:5      | Entered Level 5 of the Dungeon
  6288 | D:5      | Noticed Pikel
  6304 | D:5      | Killed Pikel
  6622 | D:5      | Reached * piety under Cheibriados
  6895 | D:5      | Found a hazy altar of Hepliaklqana.
  6898 | D:5      | Found a shadowy altar of Dithmenos.
  6901 | D:5      | Found a blossoming altar of Fedhas.
  7494 | D:6      | Slain by a wyvern zombie

Vault maps used:
D:1:      ldierk_water_garden, kennysheep_crisscross
D:2:      yredelemnul_altar_generic, nicolae_qazlal_style_of_elements,
          kiku_gazebo_pond_becter, ecumenical_altar_2, first_bread
D:3:      kennysheep_goblin_castle
D:4:      lemuel_upstairs_altar, nicolae_overflow_crystal_walls, serial_shops,
          shop, nicolae_shop_behind_doors, nicolae_shop_waterfront,
          nicolae_shop_behind_doors
D:5:      grunt_temple_overflow_diamond, uniq_pikel
D:6:      corexii_shantytown
Temple:   eino_narrow_crystal_temple

Skill      XL: |  1  2  3  4  5  6 |
---------------+-------------------+-----
Transmutations | 2 3 |  3.7
Unarmed Combat | 3 4 5 |  5.1
Spellcasting   | 3 |  3.6
Dodging        | 2 |  2.2
Fighting       | |  1.9

Action                   |  1- 3 |  4- 6 |  7- 9 || total
-------------------------+-------+-------+-------++-------
Melee: Unarmed           |   111 |   179 |   139 ||   429
       Headbutt          |     1 |     3 |       ||     4
       Kick              |     4 |    13 |     8 ||    25
       Punch             |       |       |     1 ||     1
 Cast: Beastly Appendage |    12 |    13 |     8 ||    33
       Sticks to Snakes  |     3 |     9 |     1 ||    13
       Spider Form       |       |       |     9 ||     9
Invok: Ancestor Identity |     1 |       |       ||     1
  Use: Potion            |     2 |       |       ||     2
       Scroll            |       |       |    11 ||    11
 Stab: Distracted        |       |     2 |       ||     2
       Sleeping          |       |       |     1 ||     1
  Eat: Chunk             |     6 |     7 |     9 ||    22
Armor: Robe              |    21 |    39 |    20 ||    80
       Skin              |       |       |     1 ||     1
Dodge: Dodged            |    73 |   125 |   100 ||   298
Block: Other             |       |    17 |     4 ||    21
